| TOP OF THE 1ST |
|
Shreveport Braves batting - Pitching for Memphis Blues : RHP Salvador Flores
|
|
Pitching: RHP Salvador Flores
|
|
|
Batting: LHB Rusty McNealy
|
0-0: Fly out, F8 (Flyball, 8RD, EV 95.0 MPH)
|
|
Batting: LHB Robert Loscalzo
|
0-0: Called Strike 0-1: Called Strike 0-2: Foul Ball, location: 2F 0-2: Strikes out looking
|
|
Batting: RHB Kevin Mitchell
|
0-0: Called Strike 0-1: Called Strike 0-2: Ball 1-2: Ball 2-2: Ball 3-2: SINGLE (Groundball, 56S, EV 96.9 MPH)
|
|
Batting: RHB Dave Gallagher
|
0-0: Ball 1-0: Ball 2-0: Ball 3-0: Called Strike 3-1: Foul Ball, location: 2F 3-2: Base on Balls Kevin Mitchell to second
|
|
Batting: RHB Les Pearsey
|
0-0: Ball 1-0: Ball 2-0: TRIPLE (Flyball, 78XD, EV 109.4 MPH) Kevin Mitchell scores Dave Gallagher scores
|
|
Batting: RHB Scott Ullger
|
0-0: Called Strike 0-1: Foul Ball, location: 2F 0-2: Ball 1-2: Ground out 4-3 (Groundball, 4, EV 104.4 MPH)
|
| Top of the 1st over - 2 runs, 2 hits, 0 errors, 1 left on base; Shreveport 2 - Memphis 0 |
| BOTTOM OF THE 1ST |
|
Memphis Blues batting - Pitching for Shreveport Braves : RHP Andre Treadway
|
|
Pitching: RHP Andre Treadway
|
|
|
Batting: RHB Mariano Duncan
|
0-0: Called Strike 0-1: Foul Ball, location: 2F 0-2: SINGLE (Groundball, 34D, EV 96.9 MPH)
|
|
Batting: LHB Mike Patterson
|
0-0: Called Strike 0-1: Ball 1-1: Swinging Strike 1-2: Foul Ball, location: 2F 1-2: Foul Ball, location: 2F 1-2: Strikes out looking
|
|
Batting: LHB David Christianson
|
0-0: Ball Mariano Duncan is caught stealing 2nd base 2-6 1-0: Called Strike 1-1: Fly out, F6 (Popup, 6D, EV 46.9 MPH)
|
| Bottom of the 1st over - 0 runs, 1 hit, 0 errors, 0 left on base; Shreveport 2 - Memphis 0 |
| TOP OF THE 2ND |
|
Shreveport Braves batting - Pitching for Memphis Blues : RHP Salvador Flores
|
|
Batting: RHB Jeff Matthews
|
0-0: Ground out 5-3 (Groundball, 56S, EV 85.6 MPH)
|
|
Batting: RHB John Lickert
|
0-0: Ball 1-0: Called Strike 1-1: Ball 2-1: Foul Ball, location: 2F 2-2: Ball 3-2: DOUBLE (Line Drive, 7LM, EV 105.6 MPH)
|
|
Batting: RHB Daniel Supple
|
0-0: Called Strike 0-1: Foul Ball, location: 2F 0-2: Strikes out swinging, 2-3 out at first.
|
|
Batting: LHB Rusty McNealy
|
0-0: Called Strike 0-1: Swinging Strike 0-2: Strikes out looking
|
| Top of the 2nd over - 0 runs, 1 hit, 0 errors, 1 left on base; Shreveport 2 - Memphis 0 |
| BOTTOM OF THE 2ND |
|
Memphis Blues batting - Pitching for Shreveport Braves : RHP Andre Treadway
|
|
Batting: RHB Chris James
|
0-0: Foul Ball, location: 2F 0-1: Fly out, F8 (Flyball, 89M, EV 90.0 MPH)
|
|
Batting: RHB Randy Filkins
|
0-0: Ball 1-0: SINGLE (Groundball, 56S, EV 66.3 MPH) (infield hit)
|
|
Batting: RHB Augustine Garrett
|
0-0: Ball 1-0: Fielders Choice at 2nd, 2-4 (Groundball, 15S, EV 58.1 MPH)
|
|
Batting: LHB Don Jacoby
|
0-0: Foul Ball, location: 2F 0-1: Fly out, F8 (Flyball, 8LD, EV 101.9 MPH)
|
| Bottom of the 2nd over - 0 runs, 1 hit, 0 errors, 1 left on base; Shreveport 2 - Memphis 0 |
| TOP OF THE 3RD |
|
Shreveport Braves batting - Pitching for Memphis Blues : RHP Salvador Flores
|
|
Batting: LHB Robert Loscalzo
|
0-0: Ball 1-0: Ball 2-0: Called Strike 2-1: Foul Ball, location: 2F 2-2: Strikes out swinging
|
|
Batting: RHB Kevin Mitchell
|
0-0: Fly out, F8 (Flyball, 8RM, EV 89.4 MPH)
|
|
Batting: RHB Dave Gallagher
|
0-0: Foul Ball, location: 2F 0-1: Foul Ball, location: 2F 0-2: DOUBLE (Line Drive, 78XD, EV 111.3 MPH)
|
|
Batting: RHB Les Pearsey
|
0-0: Foul Ball, location: 2F 0-1: Foul Ball, location: 2F 0-2: Ground out 6-3 (Groundball, 6, EV 86.3 MPH)
|
| Top of the 3rd over - 0 runs, 1 hit, 0 errors, 1 left on base; Shreveport 2 - Memphis 0 |
| BOTTOM OF THE 3RD |
|
Memphis Blues batting - Pitching for Shreveport Braves : RHP Andre Treadway
|
|
Batting: RHB William Muth
|
0-0: Swinging Strike 0-1: Foul Ball, location: 2F 0-2: Ball 1-2: Strikes out swinging
|
|
Batting: RHB Bradley Shames
|
0-0: Foul Ball, location: 2F 0-1: Ball 1-1: SINGLE (Groundball, 56D, EV 105.6 MPH)
|
|
Batting: RHB Mariano Duncan
|
0-0: Ball 1-0: Called Strike 1-1: Hit by Pitch Bradley Shames to second
|
|
Batting: LHB Mike Patterson
|
0-0: SINGLE (Line Drive, 9S, EV 106.3 MPH) Bradley Shames to third Mariano Duncan to second
|
|
Batting: LHB David Christianson
|
0-0: Called Strike 0-1: Ball 1-1: Ball 2-1: Ball 3-1: Foul Ball, location: 2F 3-2: Foul Ball, location: 2F 3-2: Strikes out swinging
|
|
Batting: RHB Chris James
|
0-0: Foul Ball, location: 2F 0-1: Foul Ball, location: 2F 0-2: Strikes out swinging
|
| Bottom of the 3rd over - 0 runs, 2 hits, 0 errors, 3 left on base; Shreveport 2 - Memphis 0 |
| TOP OF THE 4TH |
|
Shreveport Braves batting - Pitching for Memphis Blues : RHP Salvador Flores
|
|
Batting: RHB Scott Ullger
|
0-0: Called Strike 0-1: Ball 1-1: Ball 2-1: Swinging Strike 2-2: Ball 3-2: Strikes out looking
|
|
Batting: RHB Jeff Matthews
|
0-0: Foul Ball, location: 2F 0-1: Foul Ball, location: 2F 0-2: Ball 1-2: Fly out, F9 (Flyball, 9S, EV 88.1 MPH)
|
|
Batting: RHB John Lickert
|
0-0: Ball 1-0: Ball 2-0: Ball 3-0: Base on Balls
|
|
Batting: RHB Daniel Supple
|
0-0: DOUBLE (Line Drive, 78D, EV 111.3 MPH) John Lickert to third
|
|
Batting: LHB Rusty McNealy
|
0-0: Called Strike 0-1: Ground out 6-3 (Groundball, 56, EV 79.4 MPH)
|
| Top of the 4th over - 0 runs, 1 hit, 0 errors, 2 left on base; Shreveport 2 - Memphis 0 |
| BOTTOM OF THE 4TH |
|
Memphis Blues batting - Pitching for Shreveport Braves : RHP Andre Treadway
|
|
Batting: RHB Randy Filkins
|
0-0: Swinging Strike 0-1: Swinging Strike 0-2: SINGLE (Line Drive, 8LS, EV 90.6 MPH)
|
|
Batting: RHB Augustine Garrett
|
0-0: Ball 1-0: Foul Ball, location: 2F 1-1: 2-RUN HOME RUN (Flyball, 89XD, EV 104.4 MPH), Distance : 422 ft
|
|
Batting: LHB Don Jacoby
|
0-0: Ball 1-0: Swinging Strike 1-1: Called Strike 1-2: Strikes out looking
|
|
Batting: RHB William Muth
|
0-0: Ground out 4-3 (Groundball, 4M, EV 108.8 MPH)
|
|
Batting: RHB Bradley Shames
|
0-0: Foul Ball, location: 2F 0-1: Ball 1-1: Foul Ball, location: 2F 1-2: Foul Ball, location: 2F 1-2: Strikes out swinging
|
| Bottom of the 4th over - 2 runs, 2 hits, 0 errors, 0 left on base; Shreveport 2 - Memphis 2 |
| TOP OF THE 5TH |
|
Shreveport Braves batting - Pitching for Memphis Blues : RHP Salvador Flores
|
|
Batting: LHB Robert Loscalzo
|
0-0: Swinging Strike 0-1: Called Strike 0-2: Ball 1-2: Strikes out swinging
|
|
Batting: RHB Kevin Mitchell
|
0-0: Ball 1-0: SINGLE (Line Drive, 7LS, EV 103.1 MPH)
|
|
Batting: RHB Dave Gallagher
|
0-0: Ball 1-0: Called Strike 1-1: Called Strike 1-2: Foul Ball, location: 2F 1-2: Ball 2-2: Grounds into double play, 4-6-3 (Groundball, 4, EV 103.8 MPH)
|
| Top of the 5th over - 0 runs, 1 hit, 0 errors, 0 left on base; Shreveport 2 - Memphis 2 |
| BOTTOM OF THE 5TH |
|
Memphis Blues batting - Pitching for Shreveport Braves : RHP Andre Treadway
|
|
Batting: RHB Mariano Duncan
|
0-0: Ball 1-0: Called Strike 1-1: Fly out, F7 (Line Drive, 7, EV 90.6 MPH)
|
|
Batting: LHB Mike Patterson
|
0-0: Ball 1-0: Ball 2-0: Ball 3-0: Base on Balls
|
|
Batting: LHB David Christianson
|
0-0: Ball 1-0: Fly out, F8 (Flyball, 8RXD, EV 81.3 MPH)
|
|
Batting: RHB Chris James
|
0-0: Fielders Choice at 2nd, 5-4 (Groundball, 56, EV 95.0 MPH)
|
| Bottom of the 5th over - 0 runs, 0 hits, 0 errors, 1 left on base; Shreveport 2 - Memphis 2 |
| TOP OF THE 6TH |
|
Shreveport Braves batting - Pitching for Memphis Blues : RHP Salvador Flores
|
|
Batting: RHB Les Pearsey
|
0-0: Called Strike 0-1: Ground out 5-3 (Groundball, 56S, EV 88.1 MPH)
|
|
Batting: RHB Scott Ullger
|
0-0: Called Strike 0-1: Ball 1-1: Ball 2-1: Foul Ball, location: 2F 2-2: Foul Ball, location: 2F 2-2: Strikes out swinging
|
|
Batting: RHB Jeff Matthews
|
0-0: Foul Ball, location: 2F 0-1: Ball 1-1: Ball 2-1: Swinging Strike 2-2: Ball 3-2: Fly out, F9 (Flyball, 9S, EV 78.1 MPH)
|
| Top of the 6th over - 0 runs, 0 hits, 0 errors, 0 left on base; Shreveport 2 - Memphis 2 |
| BOTTOM OF THE 6TH |
|
Memphis Blues batting - Pitching for Shreveport Braves : RHP Andre Treadway
|
|
Batting: RHB Randy Filkins
|
0-0: Called Strike 0-1: Ball 1-1: Fly out, F8 (Flyball, 8RM, EV 86.9 MPH)
|
|
Batting: RHB Augustine Garrett
|
0-0: Called Strike 0-1: Swinging Strike 0-2: Ball 1-2: Foul Ball, location: 2F 1-2: Strikes out swinging
|
|
Batting: LHB Don Jacoby
|
0-0: Ball 1-0: Foul Ball, location: 2F 1-1: Ball 2-1: Ball 3-1: SINGLE (Groundball, 34D, EV 99.4 MPH)
|
|
Batting: RHB William Muth
|
0-0: Ball 1-0: Swinging Strike 1-1: Swinging Strike 1-2: Strikes out swinging
|
| Bottom of the 6th over - 0 runs, 1 hit, 0 errors, 1 left on base; Shreveport 2 - Memphis 2 |
| TOP OF THE 7TH |
|
Shreveport Braves batting - Pitching for Memphis Blues : RHP Salvador Flores
|
|
Batting: RHB John Lickert
|
0-0: SINGLE (Line Drive, 34, EV 94.4 MPH)
|
|
Batting: RHB Daniel Supple
|
0-0: Foul Ball, location: 2F 0-1: DOUBLE (Groundball, 5L, EV 101.9 MPH) John Lickert to third
|
|
Batting: LHB Rusty McNealy
|
0-0: Ball 1-0: Ball 2-0: Ball 3-0: Called Strike 3-1: Fly out, F9 (Line Drive, 9D, EV 91.9 MPH) Runner from 3rd tags up, SCORES, throw by RF Daniel Supple to third
|
|
Batting: LHB Robert Loscalzo
|
0-0: Foul Ball, location: 2F 0-1: Ground out 4-3 (Groundball, 4, EV 78.8 MPH)
|
|
Batting: RHB Kevin Mitchell
|
0-0: Called Strike 0-1: DOUBLE (Line Drive, 5D, EV 101.9 MPH) Daniel Supple scores
|
|
Batting: RHB Dave Gallagher
|
0-0: Called Strike 0-1: Foul Ball, location: 2F 0-2: Ball 1-2: Ball 2-2: Foul Ball, location: 2F 2-2: Ball 3-2: Base on Balls
|
|
Batting: RHB Les Pearsey
|
0-0: Foul Ball, location: 2F 0-1: Ball 1-1: Ball 2-1: Fly out, F7 (Flyball, 7S, EV 83.8 MPH)
|
| Top of the 7th over - 2 runs, 3 hits, 0 errors, 2 left on base; Shreveport 4 - Memphis 2 |
| BOTTOM OF THE 7TH |
|
Memphis Blues batting - Pitching for Shreveport Braves : RHP Andre Treadway
|
|
Batting: RHB Bradley Shames
|
0-0: Ball 1-0: Swinging Strike 1-1: Ball 2-1: Ball 3-1: Base on Balls
|
|
Batting: RHB Mariano Duncan
|
0-0: Ball 1-0: Called Strike 1-1: Swinging Strike 1-2: Foul Ball, location: 2F 1-2: Foul Ball, location: 2F 1-2: Strikes out swinging
|
|
Batting: LHB Mike Patterson
|
0-0: Ball 1-0: Ball 2-0: Called Strike 2-1: Fly out, F9 (Flyball, 89M, EV 89.4 MPH)
|
|
Batting: LHB David Christianson
|
0-0: Foul Ball, location: 2F 0-1: Called Strike 0-2: Ball 1-2: Strikes out swinging
|
| Bottom of the 7th over - 0 runs, 0 hits, 0 errors, 1 left on base; Shreveport 4 - Memphis 2 |
| TOP OF THE 8TH |
|
Shreveport Braves batting - Pitching for Memphis Blues : RHP Salvador Flores
|
|
Batting: RHB Scott Ullger
|
0-0: Ball 1-0: Swinging Strike 1-1: Called Strike 1-2: Ball 2-2: Ball 3-2: Strikes out looking
|
|
Batting: RHB Jeff Matthews
|
0-0: SINGLE (Line Drive, 89S, EV 91.3 MPH)
|
|
Batting: RHB John Lickert
|
0-0: Ball 1-0: Ball 2-0: Called Strike 2-1: Grounds into double play, 5-4-3 (Groundball, 56, EV 81.3 MPH)
|
| Top of the 8th over - 0 runs, 1 hit, 0 errors, 0 left on base; Shreveport 4 - Memphis 2 |
| BOTTOM OF THE 8TH |
|
Memphis Blues batting - Pitching for Shreveport Braves : RHP Andre Treadway
|
|
Batting: RHB Chris James
|
0-0: Ground out 4-3 (Groundball, 4, EV 77.5 MPH)
|
|
Batting: RHB Randy Filkins
|
0-0: Ground out 6-3 (Groundball, 56, EV 84.4 MPH)
|
|
Batting: RHB Augustine Garrett
|
0-0: Ball 1-0: Called Strike 1-1: Foul Ball, location: 2F 1-2: Ball 2-2: Ground out 6-3 (Groundball, 6, EV 103.8 MPH)
|
| Bottom of the 8th over - 0 runs, 0 hits, 0 errors, 0 left on base; Shreveport 4 - Memphis 2 |
| TOP OF THE 9TH |
|
Shreveport Braves batting - Pitching for Memphis Blues : RHP Salvador Flores
|
|
Pitching: RHP William Purdy
|
|
|
Batting: RHB Daniel Supple
|
0-0: Called Strike 0-1: Ball 1-1: Ball 2-1: Ball 3-1: Base on Balls
|
|
Batting: LHB Rusty McNealy
|
0-0: Called Strike 0-1: Ball 1-1: Ball 2-1: Fly out, F6 (Popup, 56, EV 74.4 MPH)
|
|
Batting: LHB Robert Loscalzo
|
0-0: Called Strike 0-1: Foul Ball, location: 2F 0-2: Ball 1-2: Foul Ball, location: 2F 1-2: Fly out, F8 (Flyball, 8LXD, EV 88.8 MPH)
|
|
Batting: RHB Kevin Mitchell
|
0-0: Ball 1-0: Ball 2-0: Ball 3-0: Called Strike 3-1: Called Strike 3-2: SINGLE (Groundball, 6MD, EV 96.9 MPH) Daniel Supple to second Daniel Supple to third
|
|
Pitching: RHP Mark Humphrey
|
|
|
Batting: RHB Dave Gallagher
|
0-0: Ball 1-0: Called Strike 1-1: Fly out, F9 (Line Drive, 9, EV 92.5 MPH)
|
| Top of the 9th over - 0 runs, 1 hit, 0 errors, 2 left on base; Shreveport 4 - Memphis 2 |
| BOTTOM OF THE 9TH |
|
Memphis Blues batting - Pitching for Shreveport Braves : RHP Andre Treadway
|
|
Pitching: LHP Lee Belanger
|
|
|
Batting: LHB Don Jacoby
|
0-0: SINGLE (Groundball, 34D, EV 103.8 MPH)
|
|
Batting: RHB William Muth
|
0-0: Swinging Strike 0-1: Fly out, F8 (Line Drive, 8LD, EV 88.1 MPH)
|
|
Batting: RHB Bradley Shames
|
0-0: Swinging Strike Don Jacoby steals 2nd base 0-1: Ball 1-1: Ball 2-1: Called Strike 2-2: Ball 3-2: Base on Balls
|
|
Batting: RHB Mariano Duncan
|
0-0: Ball 1-0: Ball 2-0: Foul Ball, location: 2F 2-1: Called Strike 2-2: Fly out, F4 (Popup, 4S, EV 78.8 MPH)
|
|
Batting: LHB Mike Patterson
|
0-0: Ball 1-0: Called Strike 1-1: Foul Ball, location: 2F 1-2: Ball 2-2: Ball 3-2: SINGLE (Groundball, 23, EV 65.6 MPH) (infield hit) Don Jacoby to third Bradley Shames to second
|
|
Batting: LHB David Christianson
|
0-0: Swinging Strike 0-1: Ball 1-1: Foul Ball, location: 2F 1-2: SINGLE (Groundball, 4MD, EV 102.5 MPH) Don Jacoby scores Bradley Shames to third Mike Patterson to second Runner from 3rd tries for Home, SAFE, throw by CF to home
|
|
Batting: RHB Chris James
|
0-0: Fly out, F7 (Flyball, 78S, EV 85.0 MPH)
|
| Bottom of the 9th over - 2 runs, 3 hits, 0 errors, 2 left on base; Shreveport 4 - Memphis 4 |
| TOP OF THE 10TH |
|
Shreveport Braves batting - Pitching for Memphis Blues : RHP Mark Humphrey
|
|
Batting: RHB Les Pearsey
|
0-0: Swinging Strike 0-1: Foul Ball, location: 2F 0-2: Ball 1-2: Ground out 1-3 (Groundball, 15S, EV 71.9 MPH)
|
|
Batting: RHB Scott Ullger
|
0-0: Ball 1-0: Foul Ball, location: 2F 1-1: Called Strike 1-2: Strikes out swinging
|
|
Pinch Hitting: LHB Mark Lucas
|
0-0: Ground out 4-3 (Groundball, 4S, EV 66.9 MPH)
|
| Top of the 10th over - 0 runs, 0 hits, 0 errors, 0 left on base; Shreveport 4 - Memphis 4 |
| BOTTOM OF THE 10TH |
|
Memphis Blues batting - Pitching for Shreveport Braves : LHP Lee Belanger
|
|
Pitching: RHP Chuck Johnson
|
|
|
Now at 2B: Mark Lucas
|
|
|
Batting: RHB Randy Filkins
|
0-0: Called Strike 0-1: Foul Ball, location: 2F 0-2: Foul Ball, location: 2F 0-2: Strikes out swinging
|
|
Batting: LHB John Robbins
|
0-0: Ball 1-0: Ball 2-0: Called Strike 2-1: Ball 3-1: Base on Balls
|
|
Batting: LHB Don Jacoby
|
0-0: Ball 1-0: Foul Ball, location: 2F 1-1: Ball 2-1: Foul Ball, location: 2F 2-2: Strikes out swinging
|
|
Pinch Hitting: SHB Darrell Brown
|
0-0: Ball John Robbins is caught stealing 2nd base 2-6
|
| Bottom of the 10th over - 0 runs, 0 hits, 0 errors, 0 left on base; Shreveport 4 - Memphis 4 |
| TOP OF THE 11TH |
|
Shreveport Braves batting - Pitching for Memphis Blues : RHP Mark Humphrey
|
|
Now in LF: Darrell Brown
|
|
|
Batting: RHB John Lickert
|
0-0: Ground out 5-3 (Groundball, 56, EV 88.8 MPH)
|
|
Pinch Hitting: LHB Ronald Walker
|
0-0: Ball 1-0: Called Strike 1-1: Foul Ball, location: 2F 1-2: Ground out 2-3 (Groundball, 2L, EV 74.4 MPH)
|
|
Batting: LHB Rusty McNealy
|
0-0: SINGLE (Groundball, 6MD, EV 109.4 MPH)
|
|
Batting: LHB Robert Loscalzo
|
0-0: Ball 1-0: Ball 2-0: Called Strike 2-1: Swinging Strike 2-2: Ball Passed Ball! Rusty McNealy to second 3-2: Strikes out swinging
|
| Top of the 11th over - 0 runs, 1 hit, 0 errors, 1 left on base; Shreveport 4 - Memphis 4 |
| BOTTOM OF THE 11TH |
|
Memphis Blues batting - Pitching for Shreveport Braves : RHP Chuck Johnson
|
|
Now in CF: Glenn Walker
|
|
|
Batting: SHB Darrell Brown
|
0-0: Swinging Strike 0-1: Swinging Strike 0-2: Fly out, F2 (Popup, 25F, EV 81.9 MPH)
|
|
Batting: RHB Bradley Shames
|
0-0: Fly out, F3 (Line Drive, 3, EV 74.4 MPH)
|
|
Batting: RHB Mariano Duncan
|
0-0: Fly out, F9 (Flyball, 89M, EV 93.1 MPH)
|
| Bottom of the 11th over - 0 runs, 0 hits, 0 errors, 0 left on base; Shreveport 4 - Memphis 4 |
| TOP OF THE 12TH |
|
Shreveport Braves batting - Pitching for Memphis Blues : RHP Mark Humphrey
|
|
Batting: RHB Kevin Mitchell
|
0-0: Ball 1-0: Foul Ball, location: 2F 1-1: Ball 2-1: Ball 3-1: Base on Balls
|
|
Batting: RHB Dave Gallagher
|
0-0: Ball 1-0: Swinging Strike 1-1: Ball 2-1: Foul Ball, location: 2F 2-2: Ball 3-2: Foul Ball, location: 2F 3-2: 2-RUN HOME RUN (Flyball, 7D, EV 97.5 MPH), Distance : 376 ft
|
|
Batting: RHB Les Pearsey
|
0-0: Ball 1-0: Ground out 6-3 (Groundball, 6S, EV 92.5 MPH)
|
|
Batting: RHB Scott Ullger
|
0-0: Called Strike 0-1: Foul Ball, location: 2F 0-2: Ball 1-2: Ball 2-2: Foul Ball, location: 2F 2-2: SINGLE (Groundball, 6MD, EV 109.4 MPH)
|
|
Batting: LHB Mark Lucas
|
0-0: Fly out, F8 (Flyball, 8RD, EV 106.9 MPH)
|
|
Batting: RHB John Lickert
|
0-0: Ground out 4-3 (Groundball, 4S, EV 83.8 MPH)
|
| Top of the 12th over - 2 runs, 2 hits, 0 errors, 1 left on base; Shreveport 6 - Memphis 4 |
| BOTTOM OF THE 12TH |
|
Memphis Blues batting - Pitching for Shreveport Braves : RHP Chuck Johnson
|
|
Batting: LHB Mike Patterson
|
0-0: Ball 1-0: Called Strike 1-1: Ball 2-1: Foul Ball, location: 2F 2-2: Strikes out looking
|
|
Batting: LHB David Christianson
|
0-0: Swinging Strike 0-1: Ground out 6-3 (Groundball, 6M, EV 85.0 MPH)
|
|
Batting: RHB Chris James
|
0-0: Foul Ball, location: 2F 0-1: Swinging Strike 0-2: Ball 1-2: Ball 2-2: Fly out, F5 (Flyball, 5D, EV 90.0 MPH)
|
| Bottom of the 12th over - 0 runs, 0 hits, 0 errors, 0 left on base; Shreveport 6 - Memphis 4 |
|